 Dungeon Crawl Stone Soup version 0.28.0-49-g6dfe1f597d (webtiles) character file.

Game seed: 13790122124853970859

40866 Atelerd the Thaumaturge (level 14, -5/80 (83) HPs)
             Began as an Octopode Earth Elementalist on May 12, 2022.
             Was a High Priest of Sif Muna.
             Slain by a wyvern (9 damage)
             ... while petrified by a basilisk
             ... on level 4 of the Lair of Beasts.
             The game lasted 00:52:19 (23732 turns).

Atelerd the Thaumaturge (OpEE)                     Turns: 23732, Time: 00:52:20

HP:   -5/80 (83)    AC:  1    Str: 13    XL:     14   Next: 12%
MP:   28/39         EV:  2    Int: 23    God:    Sif Muna [*****.]
Gold: 697           SH:  0    Dex: 22    Spells: 9/37 levels left

rFire   + . .      SeeInvis +   d - +2 dagger (elec)
rCold   . . .      Faith    +   (no shield)
rNeg    + + +      Spirit   .   (helmet restricted)
rPois   ∞          Reflect  .   K - amulet of faith
rElec   .          Harm     .   e - ring of poison resistance
rCorr   .          Rampage  .   s - +6 ring of strength
Will    +....                   u - ring of protection from fire
Stlth   +++++++...              y - ring of magical power
HPRegen 0.23/turn               J - +6 ring of dexterity
MPRegen 0.26/turn               N - ring "Laoqixt" {EV+4 Dex+4 Stlth+}
                                Q - ring of see invisible
                                (no ring)

@: petrified, frozen, very slightly contaminated, lightly drained, very slow
A: almost no armour, amphibious, 8 rings, camouflage 1, gelatinous body 1,
(nimble swimmer 1), tentacles, beak, wild magic 1
a: Renounce Religion, Channel Magic, Forget Spell, Divine Exegesis


You were on level 4 of the Lair of Beasts.
You worshipped Sif Muna.
Sif Muna was extremely pleased with you.
You visited 3 branches of the dungeon, and saw 17 of its levels.
You also visited: Sewer and Bailey.

You collected 916 gold pieces.
You spent 219 gold pieces at shops.

Inventory:

Hand Weapons
 d - a +2 dagger of electrocution (weapon)
 t - a +2 falchion of freezing
 A - a +2 vampiric dagger
 R - the +8 whip "Snakebite" {venom, curare, rPois}
   (You found it on level 1 of the Lair of Beasts)

   It poisons the flesh of those it strikes.
   It occasionally inflicts asphyxiating poison on those it strikes, dealing
   poison damage and causing slowness.
   rPois:     It protects you from poison.
Missiles
 x - 150 stones
Magical Staves
 S - a staff of earth
Jewellery
 e - a ring of poison resistance (left tentacle)
 s - a +6 ring of strength (right tentacle)
 u - a ring of protection from fire (on tentacle)
 y - a ring of magical power (on tentacle)
 J - a +6 ring of dexterity (on tentacle)
 K - an amulet of faith (around mantle)
 N - the ring "Laoqixt" (on tentacle) {EV+4 Dex+4 Stlth+}
   (You found it on level 2 of the Lair of Beasts)

   [ring of evasion]

   EV:        It affects your evasion (+4).
   Dex:       It affects your dexterity (+4).
   Stlth:     It makes you more stealthy.
 Q - a ring of see invisible (on tentacle)
 T - a ring of positive energy
Wands
 l - a wand of digging (1)
 w - a wand of polymorph (16)
 L - a wand of acid (5)
 M - a wand of flame (15)
Scrolls
 b - a scroll of magic mapping
 c - 4 scrolls of blinking
 f - 4 scrolls of enchant weapon
 g - a scroll of identify
 m - 3 scrolls of teleportation
 p - 3 scrolls of amnesia
 z - a scroll of summoning
 B - a scroll of enchant armour {unknown}
 C - 2 scrolls of immolation
 D - a scroll of fog
 E - a scroll of holy word
 F - a scroll of brand weapon
 G - 2 scrolls of vulnerability
 I - a scroll of torment
Potions
 a - a potion of cancellation {unknown}
 h - 5 potions of heal wounds
 i - a potion of experience {unknown}
 j - a potion of might
 k - 4 potions of magic
 n - 2 potions of flight
 o - a potion of mutation
 q - 2 potions of brilliance
 r - a potion of haste {unknown}
 v - 3 potions of curing
 H - 2 potions of attraction {unknown}
 O - a potion of degeneration {unknown}
 P - 8 potions of ambrosia {unknown}


   Skills:
 + Level 3.2 Fighting
 - Level 6.0 Short Blades
 + Level 8.3 Dodging
 + Level 9.5 Stealth
 + Level 12.1 Spellcasting
 - Level 5.0 Conjurations
 + Level 5.3 Summonings
 - Level 5.0 Necromancy
 - Level 2.0 Translocations
 - Level 3.0 Transmutations
 - Level 5.0 Air Magic
 + Level 9.5 Earth Magic
 - Level 4.0 Poison Magic
 - Level 8.0 Invocations
 - Level 2.0 Evocations


You had 9 spell levels left.
You knew the following spells:

 Your Spells              Type           Power      Damage    Failure   Level
a - Sandblast             Erth           100%       2d20      1%          1
b - Borgnjor's Vile Clut  Necr/Erth      29%        N/A       10%         5
c - Lightning Bolt        Conj/Air       24%        1d39      22%         5
e - Olgreb's Toxic Radia  Pois           42%        N/A       13%         4
j - Summon Forest         Summ/Tloc      20%        N/A       36%         5
p - Petrify               Tmut/Erth      54%        N/A       6%          4
u - Dispel Undead         Necr           48%        3d18      10%         4

Your spell library contained the following spells:

 Spells                   Type           Power      Damage    Failure   Level
 Animate Skeleton         Necr           96%        N/A       1%          1
 Pain                     Necr           100%       1d9       1%          1
 Summon Small Mammal      Summ           100%       N/A       1%          1
 Passwall                 Tmut/Erth      45%        N/A       1%          2
 Static Discharge         Conj/Air       48%        N/A       1%          2
 Stone Arrow              Conj/Erth      100%       3d13      1%          3
 Apportation              Tloc           60%        N/A       3%          1
 Vampiric Draining        Necr           48%        2d9       3%          3
 Teleport Other           Tloc           30%        N/A       10%         3
 Tukima's Dance           Hex            18%        N/A       21%         3
 Sticky Flame             Conj/Fire      33%        2d5       22%         4
 Passage of Golubria      Tloc           30%        N/A       28%         4
 Alistair's Intoxication  Tmut/Pois      26%        N/A       38%         5
 Yara's Violent Unravell  Hex/Tmut       13%        3d7       65%         5
 Eringya's Noxious Bog    Tmut/Pois      19%        N/A       90%         6
 Summon Hydra             Summ           25%        N/A       99%         7
 Maxwell's Capacitive Co  Air            24%        ∞         100%        8


Dungeon Overview and Level Annotations

Branches:
Dungeon (11/15)            Temple (1/1) D:6            Lair (5/6) D:8
  Swamp (0/4) Lair:2       Spider (0/4) Lair:2        Sewer (visited)
 Bailey (visited)
  Slime: Lair:5-6       Orc: D:9-12

Altars:
Ashenzari
Cheibriados
Elyvilon
Fedhas
Gozag
Hepliaklqana
Kikubaaqudgha
Makhleb
Nemelex Xobeh
Okawaru
Qazlal
Sif Muna
Trog
Vehumet
Wu Jian
Xom
Yredelemnul
The Shining One

Shops:
D:4 *   D:8 ?

Annotations:
D:3 exclusion: 2 downstairs
D:5 exclusion: downstairs
D:10 exclusion: downstairs
Lair:1 exclusion: downstairs


Innate Abilities, Weirdness & Mutations

You cannot wear most types of armour.
You are amphibious.
You can wear up to eight rings at the same time.
Your skin changes colour to match your surroundings (Stealth+).
Your rubbery body absorbs attacks. (AC +1, EV +1)
((You are camouflaged when in or above water. (Stealth+)))
You have tentacles for arms and can constrict up to eight enemies at once.
You have a beak for a mouth.
Your spells are a little harder to cast, but a little more powerful.


Message History

You are encased in ice.
You feel less invigorated.
A basilisk comes into view.
The rime drake bites you!
A rime drake comes into view.
A wyvern comes into view.
The rime drake bites you. The ice encasing you melts away.
The wyvern hisses angrily.
You hear a deafening roar! x2; You hear a roar!
You hear a deafening roar!
You hear an angry hiss.
The rime drake breathes ice at you. The flash freeze hits you!!
You are encased in ice.
The basilisk bites you!
You hear an angry hiss.
You hear an angry hiss.
The basilisk bites you!
You hear a deafening roar!
You hear an angry hiss.
You hear a deafening roar!
You hear an angry hiss.
The wyvern bites you!
Something stings the fungus!
The fungus begins to die.
The rime drake bites you. The wyvern bites you!!
* * * LOW HITPOINT WARNING * * *
A cane toad comes into view.
The rime drake bites you.
* * * LOW HITPOINT WARNING * * *
The basilisk gazes at you.
You easily resist.
You hear an angry hiss.
The ice encasing you melts away.
You hear a deafening roar!
You hear an angry hiss.
The wyvern bites you.
* * * LOW HITPOINT WARNING * * *
The rime drake breathes ice at you. The flash freeze hits you!
* * * LOW HITPOINT WARNING * * *
You are encased in ice.
The basilisk gazes at you.
You easily resist.
The wyvern bites you!!
You die...

P..
####F.
.#..##
#....##
.....
#.k.##
#lll.#
#k@..#
#....#
...#
#...##
... #+†.#
..#
##.†.#
###..
#...##
##...#
###...#
#..#.###
#.##.##
#.#.##.##
##....##


You could see a cane toad, 2 basilisks, 2 rime drakes and a wyvern.

Vanquished Creatures
  Harold (D:8)
  A hydra (Lair:2)
  2 vault guards (Bailey)
  Erica (D:9)
  4 two-headed ogres
  A death yak (Lair:5)
  Pikel (D:6)
  A cyclops (D:10)
  9 elephants
  Joseph (D:8)
  4 black mambas (Lair:1)
  9 cane toads
  3 rime drakes (Lair:2)
  5 komodo dragons
  2 polar bears
  A queen bee (Lair:2)
  2 hornets
  Prince Ribbit (Bailey)
  4 blink frogs
  A slime creature (D:11)
  A jumping spider (Lair:2)
  A meliai zombie (D:10)
  A culicivora (Lair:2)
  4 wyverns
  Sigmund (D:5)
  A shadow (D:7)
  32 yaks
  Eustachio (D:6)
  5 humans (Bailey)
  9 basilisks
  Grum (D:9)
  2 redbacks (Lair:2)
  2 steam dragons
  Menkaure (D:4)
  3 acid dragons (D:9)
  A swamp worm (Lair:2)
  Edmund (D:4)
  12 water moccasins
  Duvessa (D:5)
  A hornet zombie (D:7)
  4 ice beasts
  A sky beast (D:8)
  5 necrophages
  8 black bears
  4 ogres
  10 wolves
  4 centaurs
  2 phantoms
  3 kobold brigands
  A gnoll sergeant (D:5)
  5 scorpions
  22 bullfrogs
  A water moccasin zombie (D:7)
  A wyvern zombie (D:6)
  Dowan (D:5)
  41 killer bees
  10 wights (D:7)
  An electric eel (Lair:2)
  4 howler monkeys
  2 bullfrog zombies (D:5)
  6 jellies
  7 centaur zombies
  2 bullfrog skeletons
  6 hounds
  4 orc priests
  A gnoll shaman (D:9)
  A human zombie (D:7)
  A centaur skeleton (D:4)
  2 iguanas (D:4)
  11 orc wizards
  6 hell rats
  A scorpion zombie (D:5)
  2 mummies (D:7)
  A howler monkey zombie (D:9)
  6 adders
  12 gnolls
  4 river rats
  A shadow imp (D:6)
  A white imp (D:5)
  An ufetubus (D:3)
  An adder skeleton (D:4)
  3 worms
  A dart slug (D:1)
  28 orcs
  13 endoplasms
  15 giant cockroaches
  14 hobgoblins
  6 jackals
  18 kobolds
  9 quokkas
  14 ball pythons
  9 bats
  8 frilled lizards
  12 goblins
  6 rats
498 creatures vanquished.

Vanquished Creatures (collateral kills)
  4 oklob plants (Lair:2)
4 creatures vanquished.

Vanquished Creatures (others)
  71 fungi
  68 plants
  A snaplasher vine (Lair:2)
140 creatures vanquished.

Grand Total: 642 creatures vanquished

Notes
Turn   | Place    | Note
-------+----------+-------------------------------------------
     0 | D:1      | Atelerd the Octopode Earth Elementalist began the quest for
                  | the Orb.
     0 | D:1      | Reached XP level 1. HP: 11/11 MP: 3/3
   368 | D:1      | Reached XP level 2. HP: 13/17 MP: 5/5
   733 | D:1      | Reached XP level 3. HP: 19/21 MP: 6/6
  1659 | D:3      | Reached XP level 4. HP: 15/27 MP: 1/8
  1660 | D:3      | Reached skill level 3 in Spellcasting
  1752 | D:3      | Found a glowing drain.
  1871 | Sewer    | Entered a sewer
  2040 | Sewer    | Reached XP level 5. HP: 27/31 MP: 7/10
  2041 | Sewer    | Reached skill level 1 in Short Blades
  2280 | Sewer    | HP: 1/32 [acid (11)]
  2826 | Sewer    | Found a viscous altar of Jiyva.
  2840 | Sewer    | Reached XP level 6. HP: 37/37 MP: 6/11
  2909 | Sewer    | Reached skill level 4 in Spellcasting
  3146 | D:3      | Reached skill level 5 in Earth Magic
  3709 | D:3      | Found an ancient bone altar of Kikubaaqudgha.
  4062 | D:4      | Got the Disquisition on the Virous Compass
  4266 | D:4      | Noticed a necrophage
  4278 | D:4      | Killed a necrophage
  4279 | D:4      | Reached XP level 7. HP: 17/42 MP: 6/14
  4532 | D:4      | Reached skill level 5 in Spellcasting
  4570 | D:4      | Learned a level 4 spell: Olgreb's Toxic Radiance
  4575 | D:4      | Learned a level 4 spell: Petrify
  4641 | D:4      | Found Ycrahiec's Assorted Antiques.
  4648 | D:4      | Bought a fuming silvery potion for 19 gold pieces
  4648 | D:4      | Bought a scroll labelled ABIAME WEBO for 22 gold pieces
  4648 | D:4      | Bought a scroll labelled ABIAME WEBO for 22 gold pieces
  4686 | D:4      | Noticed Menkaure
  4710 | D:4      | Noticed Edmund
  4991 | D:4      | Killed Edmund
  4992 | D:4      | Reached skill level 1 in Fighting
  4992 | D:4      | Reached skill level 1 in Poison Magic
  5742 | D:4      | Killed Menkaure
  5743 | D:4      | Reached XP level 8. HP: 48/48 MP: 4/16
  6051 | D:5      | Entered Level 5 of the Dungeon
  6178 | D:5      | Reached skill level 6 in Spellcasting
  7013 | D:5      | Found a burning altar of Makhleb.
  7036 | D:5      | Reached XP level 9. HP: 54/54 MP: 3/19
  7180 | D:5      | Found a stormy altar of Qazlal.
  7195 | D:5      | Reached skill level 7 in Spellcasting
  7427 | D:5      | Noticed Sigmund
  7435 | D:5      | Killed Sigmund
  7588 | D:5      | Noticed Duvessa
  7605 | D:5      | Noticed Dowan
  7606 | D:5      | Killed Duvessa
  7611 | D:5      | Killed Dowan
  8037 | D:6      | Noticed Eustachio
  8045 | D:6      | Killed Eustachio
  8046 | D:6      | Reached skill level 8 in Spellcasting
  8357 | D:5      | Learned a level 5 spell: Summon Forest
  8359 | D:6      | Found a staircase to the Ecumenical Temple.
  8366 | D:6      | Noticed Pikel
  8380 | D:6      | Killed Pikel
  8381 | D:6      | Reached XP level 10. HP: 48/60 MP: 10/22
  8397 | Temple   | Entered the Ecumenical Temple
  8548 | Temple   | Became a worshipper of Sif Muna the Loreminder
  8967 | D:7      | Reached skill level 9 in Spellcasting
  9271 | D:7      | Learned a level 4 spell: Dispel Undead
  9756 | D:7      | Reached skill level 1 in Necromancy
 10243 | D:7      | Reached * piety under Sif Muna
 10518 | D:7      | Identified the +6 flail of the Scorching Badger {freeze,
                  | Str+4 Int+4}
 11258 | D:7      | Found a basalt altar of Yredelemnul.
 11489 | D:7      | Reached skill level 5 in Stealth
 11990 | D:8      | Reached XP level 11. HP: 58/65 MP: 14/24
 12166 | D:8      | Reached skill level 10 in Spellcasting
 12410 | D:8      | Found a staircase to the Lair.
 12440 | D:8      | Reached skill level 5 in Dodging
 12540 | D:8      | Found Weucatun's Magic Scroll Emporium.
 12542 | D:8      | Noticed Joseph
 12551 | D:8      | Killed Joseph
 12563 | D:8      | Bought a scroll of fog for 24 gold pieces
 12563 | D:8      | Bought a scroll of holy word for 90 gold pieces
 12563 | D:8      | Bought a scroll of immolation for 42 gold pieces
 12568 | D:8      | Gained mutation: Your spells are a little harder to cast,
                  | but a little more powerful. [potion of mutation]
 12568 | D:8      | Gained mutation: You have a beak for a mouth. [potion of
                  | mutation]
 12579 | D:8      | Found a snail-covered altar of Cheibriados.
 12658 | D:8      | Noticed a two-headed ogre
 12668 | D:8      | Killed a two-headed ogre
 12669 | D:8      | Reached skill level 1 in Summonings
 12669 | D:8      | Reached skill level 1 in Invocations
 12720 | D:8      | Noticed Harold
 12732 | D:8      | Killed Harold
 12734 | D:8      | Reached ** piety under Sif Muna
 13479 | D:9      | Found a flagged portal.
 13489 | Bailey   | Entered a bailey
 13845 | Bailey   | Noticed a vault guard
 13856 | Bailey   | Killed a vault guard
 13876 | Bailey   | Noticed Prince Ribbit
 13876 | Bailey   | Noticed a vault guard
 13892 | Bailey   | Killed a vault guard
 13899 | Bailey   | Killed Prince Ribbit
 14143 | D:9      | Found a shimmering altar of Xom.
 14153 | D:9      | Reached *** piety under Sif Muna
 14328 | D:9      | Noticed a two-headed ogre
 14363 | D:9      | Reached skill level 5 in Invocations
 14368 | D:9      | Killed a two-headed ogre
 14369 | D:9      | Reached skill level 11 in Spellcasting
 14369 | D:9      | Reached XP level 12. HP: 40/71 MP: 17/27
 14718 | D:9      | Found a bloodstained altar of Trog.
 14774 | D:9      | Noticed Erica
 14929 | D:9      | Noticed a two-headed ogre
 14938 | D:9      | Killed a two-headed ogre
 15026 | D:9      | Killed Erica
 15051 | D:9      | Noticed Grum
 15059 | D:9      | Reached skill level 12 in Spellcasting
 15062 | D:9      | Killed Grum
 15069 | D:9      | Learned a level 5 spell: Lightning Bolt
 15147 | D:10     | Entered Level 10 of the Dungeon
 15527 | D:10     | Noticed a two-headed ogre
 15540 | D:10     | Killed a two-headed ogre
 15541 | D:10     | Reached skill level 1 in Air Magic
 16434 | D:11     | Reached **** piety under Sif Muna
 16865 | Lair:1   | Entered Level 1 of the Lair of Beasts
 17297 | Lair:1   | Reached XP level 13. HP: 76/76 MP: 29/29
 17437 | Lair:1   | Reached skill level 5 in Short Blades
 17775 | Lair:1   | Reached skill level 5 in Necromancy
 18112 | Lair:1   | Reached skill level 1 in Translocations
 18150 | Lair:1   | Reached skill level 5 in Summonings
 18315 | Lair:1   | Reached skill level 1 in Conjurations
 18608 | Lair:1   | Found the +8 whip "Snakebite" {venom, curare, rPois}
 18652 | Lair:1   | Reached ***** piety under Sif Muna
 19871 | Lair:2   | Reached skill level 1 in Evocations
 19923 | Lair:2   | Received a gift from Sif Muna
 21159 | Lair:2   | Found a staircase to the Swamp.
 21396 | Lair:2   | Found a hole to the Spider Nest.
 21414 | Lair:2   | Reached skill level 5 in Air Magic
 22161 | Lair:2   | Identified the ring "Laoqixt" {EV+4 Dex+4 Stlth+}
 22358 | Lair:3   | Learned a level 5 spell: Borgnjor's Vile Clutch
 22475 | Lair:3   | Received a gift from Sif Muna
 22695 | Lair:3   | You fall into a shaft and drop 2 floors!
 22992 | Lair:5   | Reached skill level 5 in Conjurations
 23322 | Lair:5   | Reached XP level 14. HP: 81/81 MP: 30/30
 23731 | Lair:4   | HP: 4/80 [rime drake/flash freeze (8)]
 23732 | Lair:4   | Slain by a wyvern

Illustrated notes

Levels and vault maps discovered:
D:1:      tarquinn_simple_flora_water_c, layout_rooms, grunt_decor_cap
D:2:      layout_rooms, grunt_ministairs_8, roderic_nine_men_s_morris
D:3:      layout_loops_ring, mainiacjoe_overflow_surrounded_room,
          portal_sewer_entry_f
D:4:      layout_gridville, serial_shops, shop, uniq_edmund, uniq_menkaure
D:5:      layout_loops_cross, lemuel_crystal_altar, minmay_ruined_shrine,
          uniq_sigmund, uniq_duvessa
D:6:      nicolae_cairo_tiling_large, layout_rooms, minmay_temple_entry_glass,
          uniq_pikel, uniq_eustachio
D:7:      black_bear_nest_2, layout_basic, lemuel_mausoleum_altar_yredelemnul
D:8:      layout_basic, mainiacjoe_overflow_six_doors_small,
          due_lair_maze_entry_diamond, serial_shops,
          nicolae_shop_competitors_out_of_business, uniq_harold, uniq_joseph
D:9:      layout_roguey, trog_ov_bears_minmay, lemuel_tele_altar,
          enter_bailey_3, minmay_between, uniq_erica, uniq_grum
D:10:     layout_irregular_city, lightli_minifort
D:11:     layout_cave_pools
Temple:   regret_index_temple_sphere_string
Lair:1:   minmay_guarded_unrand_snakebite, layout_cave_pods,
          serial_bayou_pond_e, grunt_megastairs_5
Lair:2:   hangedman_what_comes_after_a, layout_cave_shapes,
          minmay_swamp_entry_worms, spider_nest_entry_funnel_web,
          infiniplex_staircase_pool
Lair:3:   layout_gridlike
Lair:4:   layout_roguey, special_room [special_room_mythical_zoo],
          ebering_ghost_xom, serial_bayou_shore_a
Lair:5:   layout_cave_pods, slime_altar_1

Skill      XL: |  1  2  3  4  5  6  7  8  9 10 11 12 13 14 |
---------------+-------------------------------------------+-----
Spellcasting   | 3 4 5 6 8 9 11 12 | 12.1
Earth Magic    | 4 5 6 7 9 |  9.5
Short Blades   | 1 2 3 4 6 |  6.0
Fighting       | 1 2 3 |  3.2
Poison Magic   | 2 4 |  4.0
Transmutations | 3 |  3.0
Stealth        | 6 9 |  9.5
Necromancy     | 3 4 5 |  5.0
Dodging        | 4 5 6 8 |  8.3
Summonings     | 3 4 5 |  5.3
Invocations    | 5 6 8 |  8.0
Air Magic      | 3 5 |  5.0
Translocations | 2 |  2.0
Conjurations   | 5 |  5.0
Evocations     | 2 |  2.0

Action                   |  1- 3 |  4- 6 |  7- 9 | 10-12 | 13-15 || total
-------------------------+-------+-------+-------+-------+-------++-------
Melee: Dagger            |    44 |    66 |    95 |   259 |   125 ||   589
       Constrict         |    14 |    19 |    19 |    58 |    29 ||   139
       Tentacles         |    14 |    12 |    31 |    83 |    29 ||   169
       Punch             |       |       |     2 |     3 |     2 ||     7
       Peck              |       |       |       |    40 |    35 ||    75
 Cast: Sandblast         |    40 |    75 |    68 |    57 |    55 ||   295
       Petrify           |       |       |    47 |    93 |    87 ||   227
       Olgreb's Toxic Ra |       |       |     2 |    66 |    75 ||   143
       Dispel Undead     |       |       |       |    10 |       ||    10
       Borgnjor's Vile C |       |       |       |       |    23 ||    23
       Summon Forest     |       |       |       |       |     3 ||     3
Invok: Channel Magic     |       |       |       |       |     1 ||     1
Evoke: Wand              |       |       |       |       |     2 ||     2
  Use: Scroll            |     3 |       |     7 |     8 |     4 ||    22
       Potion            |       |       |     1 |     2 |     1 ||     4
 Stab: Sleeping          |     5 |     4 |     1 |     8 |     5 ||    23
       Petrified         |       |       |    49 |   106 |    48 ||   203
       Petrifying        |       |       |     4 |     9 |    11 ||    24
Armor: Skin              |     4 |     5 |     3 |    13 |    20 ||    45
Dodge: Dodged            |    42 |    56 |    48 |   117 |    64 ||   327
